 Dungeon Crawl Stone Soup version 0.19-a0-835-gf140595 (webtiles) character file.

515 Ordine the Sneak (level 7, 2/49 HPs)
             Began as an Octopode Monk on July 1, 2016.
             Quit the game on level 4 of the Dungeon.
             The game lasted 00:08:17 (4453 turns).

Ordine the Sneak (Octopode Monk)                    Turns: 4453, Time: 00:08:18

Health: 2/49       AC:  1    Str: 10    XL:     7   Next: 20%
Magic:  7/7        EV: 14    Int: 15    God:
Gold:   259        SH:  0    Dex: 14    Spells: 0 memorised, 6 levels left

rFire  . . .     SeeInvis .       - Unarmed
rCold  . . .     Gourm    .     (no shield)
rNeg   . . .     Faith    .     (helmet restricted)
rPois  .         Spirit   .     (no amulet)
rElec  .         Dismiss  .     (no ring)
rCorr  .         Reflect  .     (no ring)
SustAt .         Harm     .     (no ring)
MR     .....                    (no ring)
Stlth  ++++......               (no ring)
                                (no ring)
                                (no ring)
                                (no ring)

@: not resistant to hostile enchantments, stealthy
A: almost no armour, amphibious, 8 rings, constrict 8, camouflage 1, gelatinous
body 1
a: no special abilities


You were on level 4 of the Dungeon.
You were near starving.

You visited 1 branch of the dungeon, and saw 5 of its levels.

You collected 259 gold pieces.

Inventory:

Missiles
 h - 180 stones (quivered)
Scrolls
 c - 2 scrolls of amnesia
 g - a scroll of identify
 j - 2 scrolls of recharging
 k - a scroll of fear
Potions
 b - 3 potions of flight
 e - a potion of brilliance
Comestibles
 a - a bread ration
 d - a meat ration
 f - 4 fruits


   Skills:
 + Level 4.3 Fighting
 + Level 4.4 Dodging
 + Level 5.5 Stealth
 * Level 5.4 Unarmed Combat


You had 6 spell levels left.
You didn't know any spells.

Dungeon Overview and Level Annotations

Branches:
Dungeon (5/15)
 Temple: D:4-7

Altars:
Ashenzari


Innate Abilities, Weirdness & Mutations

You cannot wear most types of armour.
You are amphibious.
You can wear up to eight rings at the same time.
You can use your tentacles to constrict eight enemies at once.
Your skin changes colour to match your surroundings (Stealth+).
Your rubbery body absorbs attacks. (AC +1)


Message History

The gnoll completely misses you. The gnoll hits you but does no damage.
There are no items here.
There are no items here.
There are no items here.
There are no items here.
There are no items here.
There are no items here.
There are no items here.
The gnoll hits you but does no damage.
The gnoll hits you from afar with a halberd.
You feel less woody.
The gnoll hits you from afar with a spear.
* * * LOW HITPOINT WARNING * * *
The gnoll completely misses you. Why would you want to do that?
There is a large open door here.
You close the large door.
A gnoll opens the large door.
The gnoll hits you from afar with a spear!
* * * LOW HITPOINT WARNING * * *
Are you sure you want to abandon this character and quit the game? (Confirm with "yes".)

###...### ####''####
#.....[.## #≈§§..≈≈≈#
##........# #§≈§..≈≈§#
##.........####≈§##.#≈≈#
##...........#.'..#.≈...'
##............#.'§..≈.#§.'
##...##..........#≈≈#.##≈≈# #
##...###......g..##≈≈≈..≈≈≈# #
##...## #...@.g....#≈≈≈..≈≈≈#
##
##...######.........####''####
.###....##............##
#..###.
.##....(......#.......#
#......
....)....######.......#
####### ..###...## ##.....## #
..###....# ##....# #
...###...## ##...# # ...#
#....# ##.##


You could see 2 gnolls.

Vanquished Creatures
  Grinder (D:4)
  A scorpion (D:4)
  A howler monkey (D:4)
  2 orc priests (D:4)
  An iguana (D:3)
  A worker ant (D:4)
  3 gnolls (D:2)
  An adder (D:2)
  A worm (D:4)
  A dart slug (D:1)
  2 giant geckos
  10 orcs
  7 bats
  5 giant cockroaches
  5 goblins
  3 hobgoblins
  2 jackals (D:1)
  4 kobolds
  2 quokkas
  4 giant newts
  6 rats
63 creatures vanquished.

Notes
Turn   | Place    | Note
--------------------------------------------------------------
     0 | D:1      | Ordine the Octopode Monk began the quest for the Orb.
     0 | D:1      | Reached XP level 1. HP: 16/16 MP: 1/1
   255 | D:1      | Reached XP level 2. HP: 16/21 MP: 2/2
   613 | D:1      | Found a shattered altar of Ashenzari.
   801 | D:2      | Reached XP level 3. HP: 17/26 MP: 3/3
  1678 | D:2      | Reached XP level 4. HP: 26/31 MP: 4/4
  2639 | D:3      | Reached XP level 5. HP: 27/36 MP: 5/5
  3164 | D:4      | Noticed Grinder
  3187 | D:4      | Killed Grinder
  3187 | D:4      | Reached skill level 5 in Stealth
  3187 | D:4      | Reached skill level 5 in Unarmed Combat
  3187 | D:4      | Reached XP level 6. HP: 30/43 MP: 6/6
  3583 | D:4      | Reached XP level 7. HP: 22/48 MP: 7/7
  4383 | D:5      | Entered Level 5 of the Dungeon
  4450 | D:4      | HP: 2/49 [gnoll/spear (10)]
  4453 | D:4      | Quit the game

Vault maps used:
D:1:      minmay_arrival_four_loops, nicolae_ashenzari_panopticon
D:3:      serial_glass, glass_columns_a, glass_columns_c, st_stairs_9
D:4:      minmay_tree_intersection, kennysheep_generic_room_4, uniq_grinder
D:5:      first_bread, uniq_edmund

Skill      XL: |  1  2  3  4  5 |
---------------+----------------+-----
Stealth        | 3 4 5 |  5.5
Unarmed Combat | 4 5 |  5.4
Fighting       | 4 |  4.3
Dodging        | 4 |  4.4

Action                   |  1- 3 |  4- 6 |  7- 9 || total
-------------------------+-------+-------+-------++-------
Melee: Unarmed           |    69 |    83 |     9 ||   161
       Constrict         |    19 |    17 |     2 ||    38
       Tentacles         |     8 |    20 |     4 ||    32
       Punch             |     1 |     2 |       ||     3
Throw: Stone             |       |     2 |     3 ||     5
  Use: Scroll            |     6 |     3 |     1 ||    10
       Potion            |     1 |     4 |     1 ||     6
 Stab: Sleeping          |     9 |    11 |     1 ||    21
       Invisible         |       |     2 |       ||     2
  Eat: Chunk             |     1 |     3 |       ||     4
       Meat ration       |       |     1 |       ||     1
       Fruit             |       |       |     1 ||     1
Armor: Skin              |     6 |     3 |    16 ||    25
Dodge: Dodged            |    43 |    50 |     7 ||   100
